Zing, chaotic female elven Wizard ------ |....| ------- |....| --------- |{....| |....-## |.......| |.....| |....| # |.......-#######-.....| ----|- ### --------- # |.......| ---.--- # # |...|....##0########--.------ |.......| # ### |...-...|0##########|.......| ##........| # # |.@d|....# |.......| # --------- ## ##-......[|###########-........#### ---.- |...|...+###########|....<..| |...| |...|...| #+.......| |...| -#---#-#- --------- |...| |...| ----- Zing the Evoker Experience level: 2 Strength: 12 Dexterity: 14 Constitution: 11 Intelligence: 20 Wisdom: 11 Charisma: 9 Health: 0(17) Energy: 23(23) AC: 9 Gold: 683 Moves: 1822 Your Inventory: Coins $ - 683 gold pieces Weapons a - a blessed +1 quarterstaff (weapon in hands) r - an uncursed [+0] sling t - an uncursed [+0] sling w - an uncursed [+0] dart I - a [cursed -3] long sword named Giantslayer [Giantslayer] Armor b - an uncursed +0 cloak of magic resistance (being worn) Comestibles H - 2 [uncursed] tins [of lizard meat] Scrolls i - an uncursed scroll of create monster j - 2 uncursed scrolls of magic mapping q - a blessed scroll labeled KERNOD WEL [of teleportation] z - 2 uncursed scrolls labeled ABRA KA DABRA [of light] B - an [uncursed] scroll labeled KO BATE [of confuse monster] G - an [uncursed] scroll labeled THARR [of identify] Spellbooks k - a blessed spellbook of force bolt l - an uncursed spellbook of charm monster Potions f - an uncursed potion of extra healing g - an uncursed potion of object detection h - an uncursed potion of paralysis A - a [cursed] viscous potion [of levitation] F - an [uncursed] orange potion [of polymorph] Rings d - an uncursed ring of fire resistance e - an uncursed ring of searching p - an uncursed twisted ring [of cold resistance] Wands c - an uncursed wand of digging (0:5) Tools m - an uncursed bell s - an uncursed tin opener v - an uncursed leash E - an [uncursed] key [skeleton key] Gems u - an uncursed red gem [jasper] x - an uncursed red gem [worthless glass] y - an uncursed white gem [worthless glass] D - an [uncursed] yellow gem [chrysoberyl] Spells known in the end: Name Level Category Fail Memory a - force bolt 1 attack 0% [||||||||] b - charm monster 3 enchantment 29% [||||||||] Your skills at the end: Fighting Skills Weapon Skills quarterstaff [Basic / Expert] Spellcasting Skills attack spells [Basic / Expert] enchantment spells [Basic / Skilled] Final Attributes: You were fervently aligned. Hunger level was 175. Your alignment was 10 / 19. Monster difficulty range was 1 - 4. Level difficulty was 6. You were magic-protected. You saw invisible. You had infravision. Your luck was zero. You are dead. Vanquished creatures: a quivering blob a giant spider an orc shaman a kobold mummy 2 giant ants a floating eye a kitten 2 iguanas 4 acid blobs a hobbit a giant rat 4 garter snakes 3 geckos a jackal 3 foxes a kobold 4 sewer rats 2 grid bugs 3 bats a lichen 3 newts 41 creatures vanquished. Voluntary challenges: You used a wielded weapon 4 times. You read items or engraved 138 times. You put on armor 1 time. You never genocided any monsters. You never polymorphed an object. You never changed form. You used no wishes. You wrote Elbereth's name 93 times. You never encountered a bones level. You never used any Sokoban shortcuts. Dungeon overview: The Dungeons of Doom: levels 1 to 8 Level 1 a long staircase Level 2 a fountain Level 4 some altars, a fountain, a sink Level 6 <- You were here a fountain History has recorded: On T:1 you entered the Dungeons of Doom to retrieve the Amulet of Yendor! On T:101 you reached level 2 of The Dungeons of Doom. On T:222 you reached level 3 of The Dungeons of Doom. On T:287 you reached level 4 of The Dungeons of Doom. On T:684 you reached level 5 of The Dungeons of Doom. On T:1192 you advanced to experience level 2. On T:1274 you reached level 6 of The Dungeons of Doom. On T:1386 you reached level 7 of The Dungeons of Doom. On T:1672 you reached level 8 of The Dungeons of Doom. Latest messages: You find a secret door. The door opens. You miss the sewer rat. The sewer rat bites! [HP-2=8] You stop. Your large cat is in the way! The sewer rat bites! [HP-2=6] The large cat bites the sewer rat. The sewer rat is killed! The dog bites! [HP-2=4] You write "Elbereth" with your fingers into the dust. The large cat bites the dog. The dog misses the large cat. The dog bites! The large cat bites the dog. [HP-3=1] [HP+1=2] [HP+1=3] [HP+1=4] The fox bites! (2x) You die... Final status: Goodbye Zing the Wizard... You died in The Dungeons of Doom on dungeon level 6 with 1053 points, and 683 pieces of gold, after 1822 moves. You were level 2 with a maximum of 17 hit points when you died.